 Dungeon Crawl Stone Soup version 0.27-a0-828-g8289197e94 (webtiles) character file.

Game seed: 8962232795926479628

21 dickylongcocking the Magician (level 2, 0/33 HPs)
             Began as a Djinni Summoner on Mar 31, 2021.
             Slain by a black bear (4 damage)
             ... on level 2 of the Dungeon.
             The game lasted 00:01:25 (1787 turns).

dickylongcocking the Magician (Djinni Summoner)     Turns: 1787, Time: 00:01:25

Health: 0/33       AC: 21    Str:  5 (7)  XL:     2   Next: 83%
Gold:   27         EV:  2    Int: 15 (16) God:
                   SH:  0    Dex: 10 (13)

rFire    . . .     SeeInvis .   (no weapon)
rCold    . . .     Faith    .   (no shield)
rNeg     + + +     Spirit   .   (armour currently unavailable)
rPois    ∞         Reflect  .   (helmet currently unavailable)
rElec    .         Harm     .   (cloak currently unavailable)
rCorr    .         Rampage  .   (gloves currently unavailable)
Will     .....     NoTele   +   (boots unavailable)
Stlth    ++........             (no amulet)
HPRegen  0.11/turn              (no ring)
MPRegen  0.00/turn              (no ring)

@: tree-form
A: stationary, stasis, torment immunity, boosted hp, (fire resistance 2), (cold
vulnerability 1), float, innate caster, hp casting, extra vitality 1
a: no special abilities


You were on level 2 of the Dungeon.
You were a tree.
You visited 1 branch of the dungeon, and saw 2 of its levels.

You collected 27 gold pieces.

Inventory:

Hand Weapons
 f - a +0 long sword
Armour
 a - a +0 robe (melded)
 d - a +0 ring mail
Scrolls
 b - 2 scrolls of fear {unknown}
 c - a scroll of identify {unknown}
 e - a scroll of enchant armour {unknown}


   Skills:
 * Level 0.9 Fighting
 * Level 0.8 Long Blades
 - Level 2.1 Dodging
 - Level 1.5 Stealth
 * Level 3.9 Spellcasting


You couldn't memorise any spells.
You knew the following spells:

 Your Spells              Type           Power      Damage    Failure   Level
a - Summon Small Mammal   Summ           56%        N/A       3%          1
b - Call Imp              Summ           14%        N/A       5%          2
c - Call Canine Familiar  Summ           14%        N/A       11%         3
d - Summon Guardian Gole  Hex/Summ       14%        N/A       11%         3
e - Summon Lightning Spi  Summ/Air       14%        N/A       34%         4
f - Summon Ice Beast      Ice/Summ       14%        N/A       34%         4
Your spell library was empty.

Dungeon Overview and Level Annotations

Branches:
Dungeon (2/15)

Altars:

Shops:
D:1 (


Innate Abilities, Weirdness & Mutations

You are a tree.
Your roots penetrate the ground, keeping you stationary.
You cannot be teleported.
You are immune to unholy pain and torment.
Your maximum health is greatly increased.
Your equipment is partially melded.
You are immune to poison.
((Your flesh is very heat resistant. (rF++)))
((You are vulnerable to cold. (rC-)))
You float through the air rather than walking.
You learn spells naturally, not from books.
Your magical power is your life essence.
You have superior vitality. (+4 HP)


Message History

The black bear growls angrily.
You hear an angry hiss.
Found 37 stones.
There are monsters nearby!
A frilled lizard comes into view.
There is an open door here.
There are monsters nearby!
You closely miss the frilled lizard. The frilled lizard closely misses you.
You completely miss the black bear. The frilled lizard misses you.
You riposte.
You hit the frilled lizard.
You kill the frilled lizard!
The black bear bites you.
The black bear claws you but does no damage.
The black bear claws you. The black bear bites you.
The black bear closely misses you. The black bear claws you. The rat bites you.
Things that are here:
a +0 whip; a stone
Okay, then.
It was a potion of degeneration.
There was something very wrong with that liquid.
You feel weakened.
You feel dopey.
You feel clumsy. The black bear bites you!
* * * LOW HITPOINT WARNING * * *
The black bear barely misses you.
The black bear claws you but does no damage.
Unknown command.
It was a potion of lignification.
You turn into a tree.
Your +0 robe melds into your body.
Your roots penetrate the ground.
The black bear bites you but does no damage.
The black bear claws you but does no damage. x2
You are now empty-handed.
You smack the black bear!
The black bear is moderately wounded.
The black bear bites you but does no damage.
The black bear claws you.
* * * LOW HITPOINT WARNING * * *
The black bear claws you but does no damage.
You hit the black bear.
The black bear is moderately wounded.
The black bear bites you.
You die...

#... ####...
.......
...(...
.......######
..(....'r...#
......†####r#
....... #h#
.......# #♣#
.#####.#.
#.#####
..#..#...#.#
###....#...#
##.#...#.#
#.#..<#.#
#.....#.#
###.###.# #..
.#


You could see a black bear and a rat.

Vanquished Creatures
  A ball python (D:1)
  2 goblins (D:1)
  5 jackals (D:1)
  A kobold (D:2)
  2 frilled lizards
  2 rats (D:1)
13 creatures vanquished.

Vanquished Creatures (collateral kills)
  A bat (D:1)
  A giant cockroach (D:1)
  3 jackals (D:1)
  2 rats (D:1)
7 creatures vanquished.

Grand Total: 20 creatures vanquished

Notes
Turn   | Place    | Note
-------+----------+-------------------------------------------
     0 | D:1      | dickylongcocking the Djinni Summoner began the quest for
                  | the Orb.
     0 | D:1      | Reached XP level 1. HP: 15/15 MP: 0/0
   893 | D:1      | Reached XP level 2. HP: 21/21 MP: 0/0
  1334 | D:1      | Found Wylefips's Antique Weapon Shop.
  1773 | D:2      | Noticed a black bear
  1787 | D:2      | Slain by a black bear

Illustrated notes

Levels and vault maps discovered:
D:1:      matt_arrival_grand_opening, layout_basic, serial_shops,
          nicolae_shop_statue_plus
D:2:      layout_basic, led_sif_pool

Action                   || total
-------------------------++-------
Melee: Long sword        ||    41
       Unarmed           ||     9
 Cast: Summon Small Mamm ||    15
       Call Imp          ||     4
  Use: Potion            ||     3
 Stab: Sleeping          ||     1
Armor: Robe              ||    19
       Skin              ||     5
Dodge: Dodged            ||    68
       Rpst.: Long sword ||    23

Table legend: (Time is in decaauts)
 A = Elapsed time spent in this place.
 B = Non-inter-level travel time spent in this place.
 C = Inter-level travel time spent in this place.
 D = Time resting spent in this place.
 E = Time spent auto-exploring this place.
 F = Levels seen in this place.
 G = Mean time per level.
                   A        B        C        D        E       F      G
               +--------+--------+--------+--------+--------+-----+--------+
         Total |   1782 |   1707 |     75 |    174 |   1277 |   2 |  891.0 |
       Dungeon |   1782 |   1707 |     75 |    174 |   1277 |   2 |  891.0 |
               +--------+--------+--------+--------+--------+-----+--------+

Top non-repeatable levels by time:
     D:1: 1753 daAuts
     D:2: 29 daAuts
